 Seeded DCSS version 0.30.0-5-g1a98f26d00 (webtiles) character file.

Game seed: 2 (custom seed)

823 Kazon the Conjurer (level 7, -8/56 HPs)
             Began as a Red Draconian Conjurer on May 9, 2023.
             Was a Priest of Fedhas.
             Mangled by a gnoll sergeant
             ... wielding a +0 spear
              (9 damage)
             ... on level 5 of the Dungeon.
             The game lasted 00:28:31 (3878 turns).

Kazon the Conjurer (Red Draconian Conjurer)         Turns: 3878, Time: 00:28:31

Health: -8/56      AC:  9    Str: 11    XL:     7   Next: 63%
Magic:  6/10       EV: 12    Int: 18    God:    Fedhas [***...]
Gold:   230        SH:  0    Dex: 10    Spells: 8/11 levels left

rFire   + . .        e - +1 dagger (elec)
rCold   . . .        (no shield)
rNeg    . . .        (body armour unavailable)
rPois   .            B - +2 hat
rElec   .            (no cloak)
rCorr   .            (no gloves)
SInv    .            t - +0 pair of boots
Will    .....        (no amulet)
Stlth   ++           D - ring of flight
HPRegen 0.29/turn    (no ring)
MPRegen 0.12/turn

%: no passive effects
@: flying
A: breathe fire, AC +6, unfitting armour, fire resistance 1, cold-blooded
a: Breathe Fire, Renounce Religion, Wall of Briars, Grow Ballistomycete


You were on level 5 of the Dungeon.
You worshipped Fedhas.
Fedhas was most pleased with you.
You visited 1 branch of the dungeon, and saw 5 of its levels.

You collected 230 gold pieces.

Inventory:

Hand Weapons
 e - a +1 dagger of electrocution (weapon)
 q - a +3 flail of venom
 s - a +0 hand axe
Missiles
 h - 21 poisoned darts (quivered)
 i - 15 stones
Armour
 t - a +0 pair of boots (worn)
 B - a +2 hat (worn)
Jewellery
 D - a ring of flight (left hand)
Wands
 y - a wand of digging (5)
 A - a wand of flame (68)
Scrolls
 d - 3 scrolls of identify {unknown}
 f - a scroll of teleportation {unknown}
 l - a scroll of acquirement {unknown}
 o - 2 scrolls of magic mapping {unknown}
 r - 2 scrolls of fear {unknown}
 v - a scroll of fog {unknown}
 x - 2 scrolls of enchant weapon {unknown}
 z - a scroll of blinking {unknown}
Potions
 a - 3 potions of magic
 b - 2 potions of flight {unknown}
 c - 2 potions of heal wounds {unknown}
 g - a potion of curing {unknown}
 j - a potion of cancellation {unknown}
 k - a potion of resistance {unknown}
 m - a potion of lignification {unknown}
 n - a potion of attraction {unknown}
 p - 2 potions of might {unknown}
 u - 2 potions of ambrosia {unknown}
 w - 2 potions of degeneration {unknown}
 C - a potion of invisibility {unknown}


   Skills:
 + Level 2.4 Fighting
 + Level 3.2 Short Blades
 + Level 1.3 Axes
 + Level 2.4 Throwing
 + Level 2.7 Dodging
 + Level 3.1 Stealth
 + Level 2.5 Spellcasting
 + Level 4.9 Conjurations
 * Level 2.9 Invocations
 * Level 2.5 Evocations


You had 8 spell levels left.
You knew the following spells:

 Your Spells              Type           Power      Damage    Failure   Level
a - Magic Dart            Conj           80%        1d7       2%          1
b - Searing Ray           Conj           40%        2d5       3%          2

Your spell library contained the following spells:

 Spells                   Type           Power      Damage    Failure   Level
 Sting                    Tmut/Pois      8%         1d3       17%         1
 Dazzling Flash           Conj/Hex       22%        N/A       19%         3
 Lesser Beckoning         Tloc           4%         N/A       26%         2
 Gell's Gravitas          Tloc           2%         N/A       45%         3
 Teleport Other           Tloc           2%         N/A       45%         3
 Fulminant Prism          Conj/Hex       5%         3d6       52%         4
 Iskenderun's Mystic Bla  Conj/Tloc      11%        2d4       52%         4


Dungeon Overview and Level Annotations

Branches:
Dungeon (5/15)             Temple (0/1) D:5

Altars:
Fedhas
Ru
Trog
Xom

Shops:
D:4 :

Annotations:
D:3 1 runed translucent door, Crazy Yiuf


Innate Abilities, Weirdness & Mutations

You can breathe blasts of fire.
Your fiery red scales are hard. (AC +6)
You cannot fit into any form of body armour.
Your flesh is heat resistant. (rF+)
You are cold-blooded and may be slowed by cold attacks.


Message History

The gnoll sergeant is heavily wounded.
The searing ray hits the gnoll.
You kill the gnoll!
Fedhas appreciates your contribution to the ecosystem.
The searing ray hits the gnoll!
The gnoll is heavily wounded.
The gnoll hits you but does no damage.
The searing ray hits the gnoll sergeant.
The gnoll sergeant is severely wounded.
The searing ray hits the gnoll!
You kill the gnoll!
Fedhas appreciates your contribution to the ecosystem.
You finish channelling your searing ray.
The gnoll hits you from afar with a +0 spear.
The gnoll sergeant hits you from afar with a +0 spear!
The gnoll closely misses you. The gnoll sergeant closely misses you.
You hit the gnoll sergeant but do no damage.
The gnoll sergeant is severely wounded.
The gnoll hits you with a +0 spear.
The gnoll sergeant hits you with a +0 spear!
* * * LOW HITPOINT WARNING * * *
You barely miss the gnoll sergeant.
The gnoll sergeant is severely wounded.
The gnoll hits you with a +0 spear.
* * * LOW HITPOINT WARNING * * *
The gnoll sergeant hits you but does no damage.
The gnoll barely misses you. The gnoll attacks as you move away!
The gnoll hits you but does no damage.
The gnoll sergeant attacks as you move away!
The gnoll sergeant misses you.
The gnoll hits you from afar with a +0 spear.
* * * LOW HITPOINT WARNING * * *
The gnoll sergeant hits you from afar with a +0 spear.
* * * LOW HITPOINT WARNING * * *
The gnoll hits you but does no damage.
There is a stone staircase leading up, spattered with blood here.
The gnoll hits you but does no damage.
The gnoll sergeant hits you from afar with a +0 spear!
You die...
Fedhas appreciates your contribution to the ecosystem.

..... #.###### ......
#.#.... ..#..###.....
...........##
#..#).$.#..g .
#..#.>..g## .
..##...$.:...#####...
...........@.g).(....
#.#..........g...)...
#.#...#.).##.####..
.. ###......#.# .
#..###.#.# #..# ....
#..# #.... .... .....
##.### ...?.


You could see a gnoll sergeant (poisoned) and 2 gnolls.

Vanquished Creatures
  Edmund (D:5)
  An ogre (D:4)
  2 scorpions (D:4)
  2 hounds (D:4)
  A jelly (D:3)
  A gnoll bouda (D:4)
  Jessica (D:3)
  2 orc wizards (D:4)
  Natasha (D:2)
  An iguana (D:4)
  Robin (D:2)
  7 gnolls
  9 adders
  A worm (D:3)
  4 dart slugs
  6 orcs
  6 ball pythons
  6 endoplasms
  5 giant cockroaches
  13 goblins
  8 hobgoblins
  9 kobolds
  5 quokkas
  5 bats
  3 frilled lizards
  4 rats
105 creatures vanquished.

Notes
Turn   | Place    | Note
-------+----------+-------------------------------------------
     0 | D:1      | Kazon the Draconian Conjurer began the quest for the Orb.
     0 | D:1      | Reached XP level 1. HP: 14/14 MP: 3/3
    15 | D:1      | Found a bloodstained altar of Trog.
    77 | D:1      | You fall into a shaft and drop 1 floor!
   112 | D:2      | Noticed Natasha
   337 | D:1      | Reached XP level 2. HP: 20/20 MP: 0/5
   342 | D:1      | Learned a level 2 spell: Searing Ray
   766 | D:1      | Found a faded altar of an unknown god.
   779 | D:1      | Got Plato's Compilation of Poisoning
   780 | D:1      | Prayed at the altar of an unknown god.
   780 | D:1      | Became a worshipper of Fedhas Madash
   780 | D:1      | Reached * piety under Fedhas
   848 | D:1      | Reached XP level 3. HP: 26/26 MP: 0/6
  1330 | D:2      | Killed Natasha
  1399 | D:2      | Reached skill level 1 in Invocations
  1399 | D:2      | Reached XP level 4. HP: 29/33 MP: 2/7
  1401 | D:2      | Reached ** piety under Fedhas
  1722 | D:3      | Noticed Robin
  1728 | D:2      | Reached skill level 1 in Throwing
  1837 | D:2      | Killed Robin
  1909 | D:3      | Noticed Jessica
  1914 | D:3      | Killed Jessica
  1915 | D:3      | Reached skill level 1 in Evocations
  1915 | D:3      | Reached XP level 5. HP: 39/39 MP: 6/8
  1987 | D:3      | Reached skill level 1 in Short Blades
  2200 | D:3      | Found a runed translucent door.
  2201 | D:3      | Noticed Crazy Yiuf
  2281 | D:3      | Found a shimmering altar of Xom.
  2281 | D:3      | Found a shimmering altar of Xom.
  2283 | D:3      | Found a shimmering altar of Xom.
  2283 | D:3      | Found a shimmering altar of Xom.
  2802 | D:4      | Reached *** piety under Fedhas
  2810 | D:4      | Noticed an ogre
  2834 | D:4      | Killed an ogre
  2835 | D:4      | Reached skill level 1 in Fighting
  2835 | D:4      | Reached XP level 6. HP: 47/47 MP: 2/9
  2847 | D:4      | Reached skill level 1 in Axes
  3168 | D:4      | Your scales start taking on a fiery red colour.
  3168 | D:4      | Reached XP level 7. HP: 42/52 MP: 10/10
  3168 | D:4      | Gained mutation: Your flesh is heat resistant. (rF+) [Red
                  | Draconian growth]
  3215 | D:4      | Found Jeusoc's Book Shop.
  3666 | D:4      | Found a sacrificial altar of Ru.
  3825 | D:5      | Entered Level 5 of the Dungeon
  3825 | D:5      | Noticed Edmund
  3825 | D:5      | Found a staircase to the Ecumenical Temple.
  3837 | D:5      | Killed Edmund
  3877 | D:5      | HP: 1/56 [gnoll sergeant/+0 spear (6)]
  3878 | D:5      | Mangled by a gnoll sergeant

Illustrated notes

Levels and vault maps discovered:
D:1:      dpeg_arrival_lava_altar, layout_basic,
          shapermc_ecumenical_altar_rom_forum
D:2:      layout_rooms, solitary_fountain, minmay_tromino_v4_a, uniq_natasha
D:3:      minmay_diamond_boxcup, layout_loops_ring, xom_redecorated,
          uniq_jessica, uniq_crazy_yiuf_cottage, uniq_robin
D:4:      layout_basic, mainiacjoe_overflow_boulevard, serial_shops, shop
D:5:      layout_rooms, minmay_temple_entry_offerings, serial_shops, shop,
          uniq_edmund

Skill      XL: |  1  2  3  4  5  6  7 |
---------------+----------------------+-----
Dodging        | 2 |  2.7
Stealth        | 2 3 |  3.1
Invocations    | 1 2 |  2.9
Throwing       | 1 2 |  2.4
Evocations     | 1 2 |  2.5
Short Blades   | 1 2 3 |  3.2
Fighting       | 1 2 |  2.4
Axes           | 1 |  1.3
Spellcasting   | |  2.5
Conjurations   | |  4.9

Action                     |  1- 3 |  4- 6 |  7- 9 || total
---------------------------+-------+-------+-------++-------
  Melee: Dagger            |    35 |   168 |    24 ||   227
         Tailslap          |     6 |    13 |     1 ||    20
         Short sword       |    15 |     6 |       ||    21
         Punch             |       |     1 |       ||     1
  Throw: Stone             |       |    28 |       ||    28
         Dart              |       |    25 |    17 ||    42
   Cast: Magic Dart        |    38 |    15 |       ||    53
         Searing Ray       |     3 |     1 |     2 ||     6
 Invoke: Wall of Briars    |       |     1 |       ||     1
Ability: Breathe Fire      |       |       |     3 ||     3
   Stab: Sleeping          |     3 |     5 |     3 ||    11
         Distracted        |       |     1 |       ||     1
 Armour: Skin              |    19 |    50 |    15 ||    84
  Dodge: Dodged            |    43 |    97 |    10 ||   150
